 Dungeon Crawl Stone Soup version 0.21.1-1-g345015fe64 (webtiles) character file.

606 RUZZLEFAZAZZLE the Shield-Bearer (level 7, -5/90 HPs)
             Began as a Gnoll Fighter on Feb 9, 2018.
             Was a Believer of Cheibriados.
             Slain by Menkaure (13 damage)
             ... on level 4 of the Dungeon.
             The game lasted 00:08:50 (2677 turns).

RUZZLEFAZAZZLE the Shield-Bearer (Gnoll Fighter)    Turns: 2677, Time: 00:08:51

Health: -5/90      AC: 23    Str: 23    XL:     7   Next: 42%
Magic:  10/10      EV:  2    Int: 15    God:    Cheibriados [**....]
Gold:   179        SH: 12    Dex: 19    Spells: 10/10 levels left

rFire    . . .     SeeInvis .   r - +4 hand axe
rCold    . . .     Gourm    .   c - +0 shield
rNeg     + + +     Faith    .   (armour currently unavailable)
rPois    +         Spirit   .   (helmet currently unavailable)
rElec    .         Reflect  .   (cloak currently unavailable)
rCorr    .         Harm     .   (gloves currently unavailable)
MR       .....     NoTele   +   (boots currently unavailable)
Stlth    ++........             (no amulet)
HPRegen  0.25/turn              w - +4 ring of slaying
MPRegen  0.12/turn              (no ring)

@: tree-form, very slow
A: distributed training, strong nose
a: Bend Time, Renounce Religion


You were on level 4 of the Dungeon.
You worshipped Cheibriados.
Cheibriados was pleased with you.
You were not hungry.
You were a tree.
You visited 1 branch of the dungeon, and saw 4 of its levels.

You collected 179 gold pieces.

Inventory:

Hand Weapons
 r - a +4 hand axe (weapon)
Armour
 c - a +0 shield (worn)
 k - a +0 plate armour (melded)
 l - a cursed +0 pair of gloves (melded)
 m - a +0 pair of boots (melded)
 v - a +0 cloak (melded)
Jewellery
 w - a +4 ring of slaying (left branch)
Wands
 p - a wand of iceblast (22)
Scrolls
 a - a scroll of noise {unknown}
 b - a scroll of immolation {unknown}
 g - 2 scrolls of amnesia {unknown}
 h - 2 scrolls of teleportation {unknown}
 i - 3 scrolls of identify {unknown}
 o - a scroll of fear {unknown}
 s - 4 scrolls of remove curse {unknown}
 t - a scroll of magic mapping {unknown}
Potions
 e - a potion of lignification
 j - a potion of cancellation {unknown}
 q - a potion of invisibility {unknown}
 u - a potion of curing {unknown}
 x - a potion of flight {unknown}
Comestibles
 d - 7 chunks of flesh
 f - 7 rations


   Skills:
 + Level 7.0 Fighting
 + Level 2.4 Short Blades
 + Level 2.4 Long Blades
 + Level 5.2 Axes
 + Level 2.4 Maces & Flails
 + Level 2.4 Polearms
 + Level 2.4 Staves
 + Level 2.4 Slings
 + Level 2.4 Bows
 + Level 2.4 Crossbows
 + Level 2.4 Throwing
 + Level 7.0 Armour
 + Level 2.4 Dodging
 + Level 2.4 Stealth
 + Level 7.0 Shields
 + Level 2.4 Unarmed Combat
 + Level 2.4 Spellcasting
 + Level 2.0 Conjurations
 + Level 2.0 Hexes
 + Level 2.0 Charms
 + Level 2.0 Summonings
 + Level 2.0 Necromancy
 + Level 2.0 Translocations
 + Level 2.0 Transmutations
 + Level 2.0 Fire Magic
 + Level 2.0 Ice Magic
 + Level 2.0 Air Magic
 + Level 2.0 Earth Magic
 + Level 2.0 Poison Magic
 + Level 2.7 Invocations
 + Level 2.4 Evocations


You had 10 spell levels left.
You didn't know any spells.

Dungeon Overview and Level Annotations

Branches:
Dungeon (4/15)
 Temple: D:4-7

Altars:
Ashenzari
Cheibriados

Annotations:
D:4 Menkaure


Innate Abilities, Weirdness & Mutations

Your experience applies equally to all skills.
((You have very sharp teeth.))
Your uncanny sense of smell can sniff out nearby items.


Message History

You block Menkaure's attack.
The ogre hits you with a giant spiked club!
Menkaure hits you but does no damage.
Menkaure points at you and mumbles some strange words.
Pain shoots through your body! Menkaure casts a spell at you.
You struggle to resist.
Menkaure calls on the powers of darkness!
The ogre convulses!
The orc convulses! x3; Your body is wracked with pain!
* * * LOW HITPOINT WARNING * * *
It was a potion of lignification.
You turn into a tree.
Your +0 cloak melds into your body.
Your cursed +0 pair of gloves melds into your body.
Your +0 pair of boots melds into your body.
Your +0 plate armour melds into your body.
Your roots penetrate the ground.
The ogre hits you with a giant spiked club!
* * * LOW HITPOINT WARNING * * *
Menkaure hits you!
You die...

....##..###............##
........# ##............#
........# #.............
........# ##.............
....##.###.....###......
...............####.....#
....#...ooo.##.###......# ..
#...MO####.........## ..
##..♣..###........### ..>.......#
#......##.........# #
..........###......[.[.######.###
........#......)..###..# #..##
................#####..## ##...
...............## #....# ##..
...............# #..#.## ##.#
...............#####.###.## ##..#
#........###....##..## #..###...#


You could see an ogre, Menkaure and 3 orcs.

Vanquished Creatures
  Grinder (D:3)
  Sigmund (D:4)
  Crazy Yiuf (D:3)
  2 hounds (D:4)
  Ijyb (D:3)
  4 adders
  An ooze (D:2)
  3 dart slugs
  2 leopard geckos
  5 orcs (D:4)
  14 bats
  5 giant cockroaches
  2 goblins
  9 hobgoblins
  16 jackals
  3 quokkas
  2 ball pythons
  5 frilled lizards
  9 kobolds
  5 rats
91 creatures vanquished.

Notes
Turn   | Place    | Note
-------+----------+-------------------------------------------
     0 | D:1      | RUZZLEFAZAZZLE the Gnoll Fighter began the quest for the Orb.
     0 | D:1      | Reached XP level 1. HP: 23/23 MP: 1/1
    28 | D:1      | Reached XP level 2. HP: 25/29 MP: 2/2
   436 | D:1      | Reached XP level 3. HP: 35/35 MP: 3/3
   847 | D:2      | Reached skill level 1 in Invocations
   894 | D:2      | Reached skill level 1 in Short Blades
   894 | D:2      | Reached skill level 1 in Long Blades
   894 | D:2      | Reached skill level 1 in Maces & Flails
   894 | D:2      | Reached skill level 1 in Polearms
   894 | D:2      | Reached skill level 1 in Staves
   894 | D:2      | Reached skill level 1 in Slings
   894 | D:2      | Reached skill level 1 in Bows
   894 | D:2      | Reached skill level 1 in Crossbows
   894 | D:2      | Reached skill level 1 in Throwing
   894 | D:2      | Reached skill level 1 in Dodging
   894 | D:2      | Reached skill level 1 in Stealth
   894 | D:2      | Reached skill level 1 in Unarmed Combat
   894 | D:2      | Reached skill level 1 in Spellcasting
   894 | D:2      | Reached skill level 1 in Evocations
   958 | D:2      | Reached XP level 4. HP: 41/41 MP: 5/5
  1341 | D:2      | Found a snail-covered altar of Cheibriados.
  1356 | D:2      | Became a worshipper of Cheibriados the Contemplative
  1497 | D:3      | Reached skill level 1 in Conjurations
  1497 | D:3      | Reached skill level 1 in Hexes
  1497 | D:3      | Reached skill level 1 in Charms
  1497 | D:3      | Reached skill level 1 in Summonings
  1497 | D:3      | Reached skill level 1 in Necromancy
  1497 | D:3      | Reached skill level 1 in Translocations
  1497 | D:3      | Reached skill level 1 in Transmutations
  1497 | D:3      | Reached skill level 1 in Fire Magic
  1497 | D:3      | Reached skill level 1 in Ice Magic
  1497 | D:3      | Reached skill level 1 in Air Magic
  1497 | D:3      | Reached skill level 1 in Earth Magic
  1497 | D:3      | Reached skill level 1 in Poison Magic
  1498 | D:3      | Found a faded altar of an unknown god.
  1714 | D:3      | Noticed Ijyb
  1719 | D:3      | Reached * piety under Cheibriados
  1732 | D:3      | Killed Ijyb
  1732 | D:3      | Reached XP level 5. HP: 46/47 MP: 5/7
  1795 | D:3      | Found a shattered altar of Ashenzari.
  1988 | D:3      | Found a runed door.
  1992 | D:3      | Noticed Crazy Yiuf
  2002 | D:3      | Killed Crazy Yiuf
  2214 | D:4      | Noticed Sigmund
  2225 | D:4      | Killed Sigmund
  2225 | D:4      | Reached skill level 5 in Axes
  2225 | D:4      | Reached XP level 6. HP: 53/53 MP: 7/9
  2338 | D:4      | Noticed Grinder
  2346 | D:4      | Paralysed by Grinder for 6 turns
  2398 | D:3      | Killed Grinder
  2398 | D:3      | Reached XP level 7. HP: 44/60 MP: 10/10
  2627 | D:4      | Reached ** piety under Cheibriados
  2655 | D:4      | Noticed Menkaure
  2677 | D:4      | Slain by Menkaure

Skill      XL: |  1  2  3  4  5  6 |
---------------+-------------------+-----
Invocations    | 1 2 |  2.7
Short Blades   | 1 2 |  2.4
Long Blades    | 1 2 |  2.4
Maces & Flails | 1 2 |  2.4
Polearms       | 1 2 |  2.4
Staves         | 1 2 |  2.4
Slings         | 1 2 |  2.4
Bows           | 1 2 |  2.4
Crossbows      | 1 2 |  2.4
Throwing       | 1 2 |  2.4
Dodging        | 1 2 |  2.4
Stealth        | 1 2 |  2.4
Unarmed Combat | 1 2 |  2.4
Spellcasting   | 1 2 |  2.4
Evocations     | 1 2 |  2.4
Conjurations   | 1 2 |  2.0
Hexes          | 1 2 |  2.0
Charms         | 1 2 |  2.0
Summonings     | 1 2 |  2.0
Necromancy     | 1 2 |  2.0
Translocations | 1 2 |  2.0
Transmutations | 1 2 |  2.0
Fire Magic     | 1 2 |  2.0
Ice Magic      | 1 2 |  2.0
Air Magic      | 1 2 |  2.0
Earth Magic    | 1 2 |  2.0
Poison Magic   | 1 2 |  2.0
Axes           | 5 |  5.2
Fighting       | 7 |  7.0
Armour         | 7 |  7.0
Shields        | 7 |  7.0

Action                   |  1- 3 |  4- 6 |  7- 9 || total
-------------------------+-------+-------+-------++-------
Melee: War axe           |    98 |     1 |       ||    99
       Bite              |    19 |    17 |       ||    36
       Hand axe          |       |   121 |    10 ||   131
  Use: Potion            |       |     1 |     1 ||     2
  Eat: Chunk             |       |     4 |     1 ||     5
Armor: Scale mail        |    16 |       |       ||    16
       Plate armour      |    58 |    62 |     5 ||   125
Dodge: Dodged            |    23 |    19 |     9 ||    51
Block: Shield            |    72 |    67 |    16 ||   155
